 Dungeon Crawl Stone Soup version 0.24-a0-537-g2d01d4ab0a (webtiles) character file.

Game seed: 12356088276919477985

3718 DEFE the Thaumaturge (level 9, -8/44 (45) HPs)
             Began as a Deep Elf Fire Elementalist on Aug 14, 2019.
             Was a Priest of Vehumet.
             Mangled by a cyclops (26 damage)
             ... on level 8 of the Dungeon.
             The game lasted 00:19:32 (10940 turns).

DEFE the Thaumaturge (Deep Elf Fire Elementalist)  Turns: 10940, Time: 00:19:33

HP:   -8/44 (45)    AC: 10    Str:  5    XL:     9   Next: 92%
MP:   0/26          EV: 12    Int: 24    God:    Vehumet [***...]
Gold: 328           SH:  0    Dex: 15    Spells: 17/30 levels left

rFire    + . .     SeeInvis .   t - +3 trident
rCold    + . .     Gourm    .   (no shield)
rNeg     . . .     Faith    .   y - +1 leather armour {rF+}
rPois    +         Spirit   .   k - +0 helmet
rElec    .         Reflect  .   u - +1 cloak {rPois}
rCorr    .         Harm     .   (no gloves)
MR       .....                  D - +2 pair of boots
Stlth    ++........             (no amulet)
HPRegen  0.14/turn              x - ring of poison resistance
MPRegen  0.20/turn              A - ring of protection from cold

@: about to teleport, hasted, very quick
A: no striking features
a: Renounce Religion


You were on level 8 of the Dungeon.
You worshipped Vehumet.
Vehumet was most pleased with you.
You were not hungry.

You visited 2 branches of the dungeon, and saw 10 of its levels.

You collected 482 gold pieces.
You spent 154 gold pieces at shops.

Inventory:

Hand Weapons
 h - a +0 spear
 s - a +0 dagger
 t - a +3 trident (weapon)
Armour
 k - a +0 helmet (worn)
 u - a +1 cloak of poison resistance (worn)
 y - a +1 leather armour of fire resistance (worn)
 D - a +2 pair of boots (worn)
Jewellery
 x - a ring of poison resistance (left hand)
 A - a ring of protection from cold (right hand)
Wands
 i - a wand of digging (4)
 o - a wand of random effects (16)
 p - a wand of polymorph (6)
Scrolls
 b - 2 scrolls of enchant armour
 d - a scroll of remove curse
 e - 4 scrolls of teleportation
 l - 2 scrolls of identify
 m - 3 scrolls of enchant weapon
 r - a scroll of blinking
 v - 3 scrolls of amnesia
 w - a scroll of magic mapping
Potions
 f - 2 potions of curing
 g - 4 potions of flight
 q - a potion of mutation
Comestibles
 c - 16 rations


   Skills:
 - Level 2.4 Dodging
 - Level 2.5 Stealth
 + Level 11.0 Spellcasting
 + Level 9.1 Conjurations
 + Level 9.6 Fire Magic


You had 17 spell levels left.
You knew the following spells:

 Your Spells              Type           Power        Failure   Level  Hunger
a - Flame Tongue          Conj/Fire      #####        1%          1    None
b - Conjure Flame         Conj/Fire      ######..     1%          3    None
c - Sticky Flame          Conj/Fire      ######..     1%          4    None
d - Fireball              Conj/Fire      ######....   1%          5    ####...

Your spell library contained the following spells:

 Spells                   Type           Power        Failure   Level  Hunger
 Static Discharge         Conj/Air       #####...     1%          3    None
 Throw Flame              Conj/Fire      ######       1%          2    None
 Inner Flame              Hex/Fire       #####...     1%          3    None
 Corona                   Hex            ##.....      8%          1    None
 Slow                     Hex            ##......     12%         2    None
 Portal Projectile        Hex/Tloc       ##....       24%         3    None
 Cause Fear               Hex            ##........   61%         4    None
 Leda's Liquefaction      Hex/Erth       ##........   61%         4    None


Dungeon Overview and Level Annotations

Branches:
Dungeon (9/15)             Temple (1/1) D:4
   Lair: D:8-11         Orc: D:9-12

Altars:
Cheibriados
Fedhas
Gozag
Hepliaklqana
Kikubaaqudgha
Okawaru
Qazlal
Ru
Sif Muna
Uskayaw
Vehumet
Wu Jian
Xom
Yredelemnul
Zin
The Shining One

Shops:
D:4 *   D:9 (

Annotations:
D:3 Sigmund
D:5 3 runed translucent doors, Aggronaut's ghost, novice DrMo
D:6 exclusion: oklob plant
D:7 Harold
D:9 Erolcha


Message History

MASSIVE DAMAGE!!
You now have 6/26 mp.
Aim: a cyclops (moderately wounded)
The flame tongue hits the cyclops!
You now have 5/26 mp.
Unknown command.
Aim: a cyclops (heavily wounded)
The flame tongue hits the cyclops.
The cyclops barely misses you.
You now have 4/26 mp.
Unknown command.
Aim: a cyclops (heavily wounded)
The sticky flame hits the cyclops.
The cyclops is covered in liquid flames!
The cyclops burns!
You now have 0/26 mp.
Unknown command.
You don't know that spell.
You hit the cyclops.
The cyclops burns!
The cyclops hits you!!
Ouch! That really hurt!
You die...

# ####†########..... #
#....# #..... # #....####
#..... # #....#..#####.....
# #....##......##### #
#.)..#######...... #
#....############. #
#....#............ #
#@...#...######### #
....oZC....#...##### # ###
############.......# #
#.########.#..............#
#
#.#.......................#
#...######.##.............#
#.### #.##.............#
#.# #.####)<###.#....# #.#
#.# #..###.#....#


You could see a cyclops (burning), an orc and a centaur skeleton.

Vanquished Creatures
  A centaur warrior (D:8)
  Menkaure (D:6)
  4 ice beasts
  3 sky beasts
  A necrophage (D:5)
  A boggart (D:8)
  3 ogres
  2 centaurs
  2 big kobolds
  2 bullfrogs (D:6)
  5 scorpions
  5 wights (D:8)
  A crimson imp (D:6)
  4 orc priests
  3 hounds
  4 jellies
  A bullfrog skeleton (D:4)
  Crazy Yiuf (D:3)
  2 iguanas
  4 orc wizards
  4 worker ants
  A worker ant zombie (D:4)
  7 gnolls
  6 adders
  A shadow imp (D:6)
  13 oozes (D:6)
  A worm (D:3)
  3 dart slugs
  3 leopard geckos
  28 orcs
  2 ball pythons
  8 giant cockroaches
  7 goblins
  10 hobgoblins
  11 jackals
  5 quokkas
  7 bats
  6 frilled lizards
  12 kobolds
  12 rats
  A fungus (D:3)
198 creatures vanquished.

Vanquished Creatures (others)
  7 fungi (D:6)
7 creatures vanquished.

Grand Total: 205 creatures vanquished

Notes
Turn   | Place    | Note
-------+----------+-------------------------------------------
     0 | D:1      | DEFE the Deep Elf Fire Elementalist began the quest for the
                  | Orb.
     0 | D:1      | Reached XP level 1. HP: 10/10 MP: 6/6
   361 | D:1      | Reached XP level 2. HP: 15/15 MP: 5/8
  1311 | D:1      | Reached XP level 3. HP: 19/19 MP: 5/10
  1351 | D:1      | Learned a level 3 spell: Conjure Flame
  2395 | D:2      | Found an iron altar of Okawaru.
  2430 | D:2      | Reached skill level 4 in Spellcasting
  3056 | D:2      | Reached XP level 4. HP: 13/24 MP: 4/12
  3299 | D:2      | Found an ornate altar of the Wu Jian Council.
  3754 | D:3      | Learned a level 4 spell: Sticky Flame
  4030 | D:3      | TheNamelessOne: !lg defe defe
  4030 | D:3      | beem: 13. DEFE the Firebug (L1 DEFE), got out of the
                  | dungeon alive on 2017-08-31 13:09:01, with 0 points after 1
                  | turn and 0:00:04.
  4030 | D:3      | TheNamelessOne: вернулся к истокаи
  4030 | D:3      | DEFE: lol
  4146 | D:3      | Reached XP level 5. HP: 28/28 MP: 11/13
  4751 | D:3      | Noticed Sigmund
  4918 | D:3      | Found a runed translucent door.
  4919 | D:3      | Noticed Crazy Yiuf
  4920 | D:3      | DEFE: rPois
  4929 | D:3      | Killed Crazy Yiuf
  4929 | D:3      | Reached skill level 5 in Spellcasting
  5074 | D:4      | Found a staircase to the Ecumenical Temple.
  5079 | Temple   | Entered the Ecumenical Temple
  5085 | Temple   | Became a worshipper of Vehumet
  5135 | D:4      | Reached skill level 5 in Fire Magic
  5239 | D:4      | Reached XP level 6. HP: 22/32 MP: 9/16
  5410 | D:4      | Learned a level 5 spell: Fireball
  5522 | D:4      | Found Mozunuph's General Store.
  5527 | D:4      | Bought a +1 leather armour of fire resistance for 154 gold
                  | pieces
  5679 | D:4      | Reached skill level 6 in Spellcasting
  5745 | D:4      | Reached XP level 7. HP: 36/36 MP: 9/18
  6082 | D:5      | Entered Level 5 of the Dungeon
  6382 | D:5      | Reached skill level 5 in Conjurations
  6554 | D:5      | Reached skill level 7 in Spellcasting
  6830 | D:5      | Reached * piety under Vehumet
  6830 | D:5      | Offered knowledge of Sandblast by Vehumet.
  6941 | D:5      | DEFE: могу ли я пройти мимо сендбласта?
  6955 | D:5      | Reached XP level 8. HP: 40/40 MP: 4/21
  7159 | D:5      | Found a sacrificial altar of Ru.
  7249 | D:5      | Found a runed translucent gate.
  7249 | D:5      | Found a runed translucent gate.
  7249 | D:5      | Found a runed translucent gate.
  7251 | D:5      | Found an opulent altar of Gozag.
  7254 | D:5      | Noticed Aggronaut's ghost (novice DrMo)
  7323 | D:5      | Found a hazy altar of Hepliaklqana.
  7326 | D:5      | Found a shimmering blue altar of Sif Muna.
  7329 | D:5      | Found a sacrificial altar of Ru.
  7418 | D:6      | Noticed Menkaure
  7422 | D:6      | Killed Menkaure
  7422 | D:6      | Reached skill level 8 in Spellcasting
  7729 | D:6      | Found a basalt altar of Yredelemnul.
  8466 | D:6      | Found a glowing golden altar of the Shining One.
  8528 | D:6      | Noticed an oklob plant
  8544 | D:6      | Reached skill level 9 in Spellcasting
  8565 | D:6      | Reached ** piety under Vehumet
  8567 | D:6      | Offered knowledge of Searing Ray by Vehumet.
  8762 | D:6      | Noticed an angel
  8824 | D:7      | Reached XP level 9. HP: 36/44 MP: 18/24
  9252 | D:7      | Noticed Harold
 10038 | D:8      | Offered knowledge of Static Discharge by Vehumet.
 10319 | D:8      | Reached skill level 10 in Spellcasting
 10561 | D:9      | Noticed Erolcha
 10561 | D:9      | Paralysed by Erolcha for 5 turns
 10573 | D:9      | Found Bylodd's Antique Weapon Boutique.
 10857 | D:8      | Reached *** piety under Vehumet
 10923 | D:8      | Noticed a centaur warrior
 10933 | D:8      | Killed a centaur warrior
 10933 | D:8      | Reached skill level 11 in Spellcasting
 10933 | D:8      | Noticed a cyclops
 10940 | D:8      | Mangled by a cyclops

Levels and vault maps discovered:
D:1:      wander_arrival_lonely_grave, layout_basic
D:2:      layout_basic, lemuel_crystal_altar, okawaru_ov_weapons_minmay
D:3:      layout_loops_ring, first_ration, uniq_crazy_yiuf_cottage, uniq_sigmund
D:4:      layout_gridville, temple_doors_e, serial_shops, kennysheep_little_box
D:5:      layout_gridville, grunt_temple_overflow_diamond, ebering_ghost_gozag,
          nicolae_ru_sacrificial_ziggurat
D:6:      lemuel_slime, layout_rooms, grunt_temple_overflow_holy_war,
          uniq_menkaure
D:7:      layout_rooms, serial_co_window_serial, co_window_of_opportunity_a,
          co_window_paths_a, co_window_corner_a, co_window_corner_a,
          co_window_of_opportunity_a, co_window_paths_a,
          co_window_of_opportunity_c, co_window_of_opportunity_c,
          co_window_of_opportunity_b, co_window_sun, glass_columns_a,
          trog_three_pillars_becter, uniq_harold
D:8:      minmay_klotski, layout_rooms
D:9:      minmay_the_grid_square_5x5_3x3 [minmay_the_grid_square_5x5_eight,
          minmay_the_grid_square_5x5_spiral,
          minmay_the_grid_square_5x5_three_walls,
          minmay_the_grid_square_5x5_detours,
          minmay_the_grid_square_5x5_megaprize_checkered,
          minmay_the_grid_square_5x5_three_small,
          minmay_the_grid_square_5x5_plus,
          minmay_the_grid_square_5x5_sharp_hourglass,
          minmay_the_grid_square_5x5_minibox], layout_irregular_city,
          lemuel_coloured_pillars_altar, lemuel_doored_altar, serial_shops,
          nicolae_shop_temple_entry_statues_fountains, shop_statue,
          blue_anna_alchemist [blue_anna_fruit_fields, blue_anna_fruit_fields],
          minivault_1, uniq_erolcha
Temple:   eino_narrow_crystal_temple

Skill      XL: |  1  2  3  4  5  6  7  8  9 |
---------------+----------------------------+-----
Conjurations   | 2 3 4 5 7 9 |  9.1
Fire Magic     | 4 5 6 8 9 |  9.6
Spellcasting   | 4 5 6 7 9 11 | 11.0
Dodging        | |  2.4
Stealth        | |  2.5

Action                   |  1- 3 |  4- 6 |  7- 9 || total
-------------------------+-------+-------+-------++-------
Melee: Unarmed           |     3 |       |       ||     3
       Spear             |   128 |    24 |       ||   152
       Trident           |       |    38 |   186 ||   224
 Cast: Flame Tongue      |    68 |    94 |   137 ||   299
       Conjure Flame     |       |     1 |     4 ||     5
       Sticky Flame      |       |     1 |    25 ||    26
       Fireball          |       |       |     2 ||     2
Evoke: Wand              |       |       |     2 ||     2
  Use: Scroll            |     7 |     6 |     4 ||    17
       Potion            |     1 |       |     6 ||     7
 Stab: Sleeping          |     9 |     1 |     3 ||    13
       Distracted        |       |       |     1 ||     1
  Eat: Chunk             |     6 |     8 |    12 ||    26
       Ration            |       |       |     2 ||     2
Armor: Leather armour    |    38 |    31 |    83 ||   152
       Robe              |     1 |       |       ||     1
Dodge: Dodged            |   120 |    56 |   153 ||   329

Table legend:
 A = Non-vault XP
 B = Vault XP
 C = Vault XP percentage of total XP
 D = Non-vault monster count
 E = Vault monster count
 F = Vault count percentage of total count
                 A         B        C        D         E       F
            +---------+---------+-------+---------+---------+-------
      Total |    3756 |    1556 |  29.3 |     175 |      22 |  11.2
            +---------+---------+-------+---------+---------+-------
        D:1 |      53 |       0 |   0.0 |      31 |       0 |   0.0
        D:2 |      96 |       0 |   0.0 |      30 |       0 |   0.0
        D:3 |     124 |      40 |  24.4 |      21 |       1 |   4.5
        D:4 |     499 |       0 |   0.0 |      21 |       0 |   0.0
        D:5 |     642 |       0 |   0.0 |      13 |       0 |   0.0
        D:6 |     764 |     376 |  33.0 |      17 |      17 |  50.0
        D:7 |     484 |       0 |   0.0 |      17 |       0 |   0.0
        D:8 |    1094 |    1045 |  48.9 |      25 |       3 |  10.7
        D:9 |       0 |      95 | 100.0 |       0 |       1 | 100.0
            +---------+---------+-------+---------+---------+-------
